Coyotes vs Sabres

Created - Friday, March 27, 2015 at 01:58

Goals
1 2 3 T
Coyotes 0 1 1 2
Sabres 3 6 2 11
Shots
1 2 3 T
Coyotes 13 10 10 33
Sabres 14 20 6 40

1st period

1. Sabres , Steve Downie 4 (PA Parenteau, Matt Stajan) at 3:57
2. Sabres , Stephane Robidas 6 (PA Parenteau, Alec Martinez) at 7:19
3. Sabres , Alex Pietrangelo 17 (Henrik Zetterberg, Steven Stamkos) at 12:17

Penalties :
Nick Petrecki (Ari) for Tripping (Minor) at 1:32, David Perron (Buf) for High sticking (Minor) at 15:10

2nd period

4. Sabres , Henrik Zetterberg 47 (Steven Stamkos) at 0:10
5. Sabres , Brooks Orpik 10 (Steven Stamkos, Henrik Zetterberg) at 0:30
6. Sabres , Blake Wheeler 32 (Brooks Orpik, Sidney Crosby) at 9:52
7. Sabres , Steven Stamkos 56 (Brooks Orpik) at 10:22
8. Sabres , Henrik Zetterberg 48 (Steven Stamkos) at 11:05
9. Sabres , Alec Martinez 6 (Henrik Zetterberg, Gustav Nyquist) at 15:59 (PP)
10. Coyotes , Markus Granlund 3 (Matt Gilroy, Martin Erat) at 17:16 (PP)

Penalties :
David Jones (Ari) for Roughing (Double Minor) at 0:45, T.J. Brennan (Ari) for Holding (Minor) at 14:59, Steven Stamkos (Buf) for High sticking (Double Minor) at 17:04

3rd period

11. Sabres , Steven Stamkos 57 (Brooks Orpik, Henrik Zetterberg) at 0:23
12. Coyotes , Markus Granlund 4 (Martin Erat, Eric Nystrom) at 8:37 (PP)
13. Sabres , Alex Pietrangelo 18 (Henrik Zetterberg, Marc-Andre Cliche) at 10:53 (SH)

Penalties :
Marc-Andre Cliche (Buf) for Holding (Minor) at 7:45, David Perron (Buf) for Tripping (Minor) at 9:18

Goalie Stats

Mike McKenna (Ari), 4 saves from 8 shots - (0.500), 10:55 minutes
Malcolm Subban (Ari), 25 saves from 32 shots - (0.781), L, 3-6-1, 49:05 minutes
Josh Harding (Buf), 9 saves from 9 shots - (1.000), W, 26-9-3, 12:21 minutes
Ondrej Pavelec (Buf), 22 saves from 24 shots - (0.917), 47:39 minutes

Players Stats for Coyotes

Player Name              G  A  P  +/- PIM S  H  SB GA TA FO     MP     PP MP  PK MP  
------------------------------------------------------------------------------------
Aaron Palushaj           0  0  0  -2  0   0  0  0  2  0  0/0     9:19   0:00   0:00 
Dale Weise               0  0  0  -2  0   1  1  0  0  0  0/0     9:19   0:00   0:00 
David Jones              0  0  0  -6  4   4  4  0  1  0  0/0    18:02   3:18   0:00 
Drayson Bowman           0  0  0   0  0   2  0  0  4  0  0/0     8:39   0:00   0:00 
Elias Lindholm           0  0  0  -6  0   1  0  0  1  0  4/17   18:30   3:18   0:47 
Eric Nystrom             0  1  1  -2  0   0  4  1  0  2  0/5    21:21   3:43   4:21 
Evan Oberg               0  0  0  -3  0   0  1  0  0  0  0/0    19:47   2:13   4:16 
Jaden Schwartz           0  0  0  -6  0   4  1  0  4  0  0/0    19:43   3:18   1:40 
Markus Granlund          2  0  2  -2  0   4  3  0  2  0  2/5    15:33   3:43   1:50 
Martin Erat              0  2  2  -1  0   7  1  0  2  1  2/3    17:30   3:43   4:21 
Matt Gilroy              0  1  1  -6  0   1  0  1  0  0  0/0    26:41   4:48   4:16 
Michael Kostka           0  0  0  -3  0   2  1  2  0  0  0/0    23:07   4:48   2:42 
Michal Jordan            0  0  0  -2  0   0  0  0  0  1  0/0    12:51   0:00   0:00 
Nick Petrecki            0  0  0  -5  2   0  1  1  0  0  0/0    14:19   0:00   0:00 
Pierre-Marc Bouchard     0  0  0  -1  0   4  0  0  2  0  0/0    13:27   0:00   0:57 
Rich Peverley            0  0  0  -1  0   1  0  0  2  0  6/12   12:30   0:00   0:00 
T.J. Brennan             0  0  0  -2  2   1  2  4  0  0  0/0    23:37   2:13   2:42 
Terry Broadhurst         0  0  0   0  0   1  1  0  0  0  2/5     8:39   0:00   0:00 

Players Stats for Sabres

Player Name              G  A  P  +/- PIM S  H  SB GA TA FO     MP     PP MP  PK MP  
------------------------------------------------------------------------------------
Alec Martinez            1  1  2   2  0   3  0  3  0  2  0/0    17:14   2:40   0:00 
Alex Pietrangelo         2  0  2   7  0   6  0  1  0  3  0/0    25:14   4:18   4:10 
Blake Wheeler            1  0  1   1  0   2  2  0  3  0  0/0    18:01   3:10   0:00 
Brooks Orpik             1  3  4   7  0   3  2  3  0  0  0/0    22:21   2:40   4:10 
Chris Higgins            0  0  0   0  0   2  0  0  3  0  1/1    12:31   0:01   4:01 
David Perron             0  0  0   6  4   0  1  0  1  0  0/0    18:11   3:47   0:00 
Dwight King              0  0  0   0  0   0  0  0  1  0  0/1     7:13   0:00   0:00 
Eric Brewer              0  0  0   1  0   2  2  1  0  1  0/0    17:31   0:00   2:51 
Gustav Nyquist           0  1  1   1  0   3  0  0  0  0  0/2    18:01   3:10   0:00 
Henrik Zetterberg        2  5  7   7  0   3  0  0  1  0  1/3    20:09   3:10   3:27 
Jay Bouwmeester          0  0  0   1  0   4  0  3  0  1  0/0    23:32   4:18   2:51 
Marc-Andre Cliche        0  1  1   1  2   0  0  1  0  0  1/4    10:51   0:00   3:00 
Matt Stajan              0  1  1   2  0   1  0  1  3  0  7/7    13:52   0:01   3:34 
PA Parenteau             0  2  2   2  0   1  0  0  3  0  0/0     9:01   0:00   0:00 
Sidney Crosby            0  1  1   1  0   2  1  0  7  0  11/17  18:45   3:47   0:00 
Stephane Robidas         1  0  1   2  0   3  1  2  1  3  0/0    14:06   0:00   0:00 
Steve Downie             1  0  1   2  0   1  0  1  1  0  0/0     9:30   0:01   0:00 
Steven Stamkos           2  4  6   6  4   4  0  0  4  1  10/12  16:47   3:47   0:00 

3 Stars

1 - Henrik Zetterberg (Buf)
2 - Steven Stamkos (Buf)
3 - Brooks Orpik (Buf)

Power Play

Coyotes - 2 on 5 Attempt(s) - 40.00%
Sabres - 1 on 4 Attempt(s) - 25.00%

Penalty Kill

Coyotes - 3 on 4 Attempt(s) - 75.00% - Score 0 goal in Penalty Kill
Sabres - 3 on 5 Attempt(s) - 60.00% - Score 1 goal in Penalty Kill

Team Stat

Coyotes - Hits : 20 - Faceoff Wins : 16 - Blocked Shots : 9 - Penalty Minutes : 8
Sabres - Hits : 9 - Faceoff Wins : 31 - Blocked Shots : 16 - Penalty Minutes : 10

Official

Referees : Unknown
Linesman : Unknown

Game Notes

Josh Harding is injured at 12:21 of 1st period (Broken Nose)
Ondrej Pavelec enters game at 12:21 of 1st period
Mike McKenna enters game at 0:10 of 2nd period
Malcolm Subban enters game at 11:05 of 2nd period

Finance

Level 1 -- Attendance: 5951 (99.18%) -- Ticket Income $452,276
Level 2 -- Attendance: 5000 (100.00%) -- Ticket Income $215,000
Level 3 -- Attendance: 1895 (94.75%) -- Ticket Income $51,165
Level 4 -- Attendance: 3711 (92.78%) -- Ticket Income $44,532
Luxury Box -- Attendance: 930 (93.00%) -- Ticket Income $159,960
Game was played at the HSBC Arena'
Total Attendance: 17487 (97.15%)
Total Ticket Income: $922,933
Other Income: $452,237
Total Income: $1,375,170

Coyotes

5 vs 5 Forward 
   Center                   Left Wing                Right Wing               Time % Phy DF OF 
 1 Elias Lindholm           Jaden Schwartz           David Jones              35     1   2  2  
 2 Rich Peverley            Eric Nystrom             Pierre-Marc Bouchard     30     1   2  2  
 3 Terry Broadhurst         Martin Erat              Drayson Bowman           22     1   2  2  
 4 Markus Granlund          Aaron Palushaj           Dale Weise               13     1   2  2  

5 vs 5 Defense 
   Defense                  Defense                                           Time % Phy DF OF 
 1 T.J. Brennan             Michael Kostka                                    35     1   2  2  
 2 Nick Petrecki            Matt Gilroy                                       30     1   2  2  
 3 Evan Oberg               Michal Jordan                                     22     1   2  2  
 4 Matt Gilroy              T.J. Brennan                                      13     1   2  2  

PowerPlay Forward 
   Center                   Left Wing                Right Wing               Time % Phy DF OF 
 1 Elias Lindholm           Jaden Schwartz           David Jones              60     1   2  2  
 2 Eric Nystrom             Martin Erat              Markus Granlund          40     1   2  2  

PowerPlay Defense
   Defense                  Defense                                           Time % Phy DF OF 
 1 Matt Gilroy              Michael Kostka                                    60     1   2  2  
 2 Evan Oberg               T.J. Brennan                                      40     1   2  2  

Penalty Kill 4 Players Forward 
   Center                   Wing                     Time % Phy DF OF 
 1 Martin Erat              Eric Nystrom             60     1   2  2  
 2 Markus Granlund          Jaden Schwartz           40     1   2  2  

Penalty Kill 4 Players Defense
   Defense                  Defense                  Time % Phy DF OF 
 1 Evan Oberg               Matt Gilroy              60     1   2  2  
 2 T.J. Brennan             Michael Kostka           40     1   2  2  

Penalty Kill - 3 Players Forward 
   Forward                                           Time % Phy DF OF 
 1 Jaden Schwartz                                    60     1   2  2  
 2 Markus Granlund                                   40     1   2  2  

Penalty Kill - 3 Players Defense
   Defense                  Defense                  Time % Phy DF OF 
 1 Evan Oberg               Matt Gilroy              60     1   2  2  
 2 T.J. Brennan             Michal Jordan            40     1   2  2  

4 vs 4 Forward 
   Center                   Wing                     Time % Phy DF OF 
 1 Elias Lindholm           Jaden Schwartz           60     1   2  2  
 2 Martin Erat              Eric Nystrom             40     1   2  2  

4 vs 4 Defense
   Defense                  Defense                  Time % Phy DF OF 
 1 Matt Gilroy              Michael Kostka           60     1   2  2  
 2 T.J. Brennan             Evan Oberg               40     1   2  2  

Last Minutes Offensive
   Center                   Left Wing                Right Wing               Defense                  Defense                  
   Rich Peverley            Jaden Schwartz           Elias Lindholm           Matt Gilroy              Michael Kostka           

Last Minutes Defensive
   Center                   Left Wing                Right Wing               Defense                  Defense                  
   Rich Peverley            Jaden Schwartz           Eric Nystrom             Michael Kostka           Matt Gilroy              

Goaltenders
Starting : Malcolm Subban           
Backup : Mike McKenna             

Extra Forwards
Normal : Jaden Schwartz, Elias Lindholm, Martin Erat - PP : Jaden Schwartz, Martin Erat - PK : Markus Granlund
Extra Defensemen
Normal : Matt Gilroy, T.J. Brennan, Evan Oberg - PP : Evan Oberg - PK : Evan Oberg, Matt Gilroy
Penalty Shots
Jaden Schwartz, Elias Lindholm, Martin Erat, Rich Peverley, Eric Nystrom

Sabres

5 vs 5 Forward 
   Center                   Left Wing                Right Wing               Time % Phy DF OF 
 1 Sidney Crosby            Gustav Nyquist           Blake Wheeler            40     1   2  2  
 2 Steven Stamkos           Henrik Zetterberg        David Perron             39     1   1  3  
 3 Matt Stajan              Steve Downie             PA Parenteau             15     1   2  2  
 4 Marc-Andre Cliche        Dwight King              Chris Higgins            6      2   2  1  

5 vs 5 Defense 
   Defense                  Defense                                           Time % Phy DF OF 
 1 Brooks Orpik             Alex Pietrangelo                                  37     1   2  2  
 2 Jay Bouwmeester          Eric Brewer                                       36     1   2  2  
 3 Alec Martinez            Stephane Robidas                                  17     1   4  0  
 4 Jay Bouwmeester          Alex Pietrangelo                                  10     1   1  3  

PowerPlay Forward 
   Center                   Left Wing                Right Wing               Time % Phy DF OF 
 1 Sidney Crosby            David Perron             Steven Stamkos           55     0   0  5  
 2 Henrik Zetterberg        Gustav Nyquist           Blake Wheeler            45     0   0  5  

PowerPlay Defense
   Defense                  Defense                                           Time % Phy DF OF 
 1 Jay Bouwmeester          Alex Pietrangelo                                  55     0   2  3  
 2 Alec Martinez            Brooks Orpik                                      45     0   2  3  

Penalty Kill 4 Players Forward 
   Center                   Wing                     Time % Phy DF OF 
 1 Matt Stajan              Chris Higgins            50     1   4  0  
 2 Marc-Andre Cliche        Henrik Zetterberg        50     2   3  0  

Penalty Kill 4 Players Defense
   Defense                  Defense                  Time % Phy DF OF 
 1 Brooks Orpik             Alex Pietrangelo         50     1   4  0  
 2 Eric Brewer              Jay Bouwmeester          50     1   4  0  

Penalty Kill - 3 Players Forward 
   Forward                                           Time % Phy DF OF 
 1 Matt Stajan                                       50     1   2  2  
 2 Marc-Andre Cliche                                 50     1   2  2  

Penalty Kill - 3 Players Defense
   Defense                  Defense                  Time % Phy DF OF 
 1 Brooks Orpik             Alex Pietrangelo         50     1   4  0  
 2 Eric Brewer              Jay Bouwmeester          50     1   4  0  

4 vs 4 Forward 
   Center                   Wing                     Time % Phy DF OF 
 1 Sidney Crosby            Blake Wheeler            50     0   1  4  
 2 Steven Stamkos           Henrik Zetterberg        50     1   1  3  

4 vs 4 Defense
   Defense                  Defense                  Time % Phy DF OF 
 1 Jay Bouwmeester          Alex Pietrangelo         50     1   2  2  
 2 Eric Brewer              Brooks Orpik             50     1   2  2  

Last Minutes Offensive
   Center                   Left Wing                Right Wing               Defense                  Defense                  
   Sidney Crosby            Henrik Zetterberg        Steven Stamkos           Jay Bouwmeester          Alex Pietrangelo         

Last Minutes Defensive
   Center                   Left Wing                Right Wing               Defense                  Defense                  
   Henrik Zetterberg        Dwight King              Chris Higgins            Brooks Orpik             Alex Pietrangelo         

Goaltenders
Starting : Josh Harding             
Backup : Ondrej Pavelec           

Extra Forwards
Normal : Steven Stamkos, Henrik Zetterberg, Gustav Nyquist - PP : David Perron, Steven Stamkos - PK : Chris Higgins
Extra Defensemen
Normal : Eric Brewer, Stephane Robidas, Brooks Orpik - PP : Eric Brewer - PK : Eric Brewer, Brooks Orpik
Penalty Shots
Steven Stamkos, Sidney Crosby, PA Parenteau, Blake Wheeler, David Perron

% Time on Ice - Coyotes

Lines # - Real PCT - Wanted PCT - Time Play
Normal Forward
1 - 32% - 35% - 14:51
2 - 29% - 30% - 13:12
3 - 19% - 22% - 8:39
4 - 20% - 13% - 9:19
Normal Defense
1 - 35% - 35% - 16:11
2 - 31% - 30% - 14:19
3 - 27% - 22% - 12:20
4 - 7% - 13% - 3:11
PP Forward
1 - 47% - 60% - 3:18
2 - 53% - 40% - 3:43
PP Defense
1 - 68% - 60% - 4:48
2 - 32% - 40% - 2:13
PK Forward
1 - 76% - 60% - 5:18
2 - 24% - 40% - 1:40
PK Defense
1 - 61% - 60% - 4:16
2 - 39% - 40% - 2:42
PK3 Forward
1 - 0% - 60%
2 - 0% - 40%
PK3 Defense
1 - 0% - 60%
2 - 0% - 40%
44 Forward
1 - 0% - 60%
2 - 0% - 40%
44 Defense
1 - 0% - 60%
2 - 0% - 40%
Last Minute Offensive  - 0:00
Last Minute Defensive  - 0:00
Total
Forward - 60:00
Defense - 60:00

% Time on Ice - Sabres

Lines # - Real PCT - Wanted PCT - Time Play
Normal Forward
1 - 34% - 40% - 15:47
2 - 30% - 39% - 14:00
3 - 20% - 15% - 9:01
4 - 16% - 6% - 7:13
Normal Defense
1 - 33% - 37% - 15:22
2 - 33% - 36% - 15:09
3 - 31% - 17% - 14:06
4 - 3% - 10% - 1:24
PP Forward
1 - 54% - 55% - 3:47
2 - 46% - 45% - 3:11
PP Defense
1 - 62% - 55% - 4:18
2 - 38% - 45% - 2:40
PK Forward
1 - 51% - 50% - 3:34
2 - 49% - 50% - 3:27
PK Defense
1 - 59% - 50% - 4:10
2 - 41% - 50% - 2:51
PK3 Forward
1 - 0% - 50%
2 - 0% - 50%
PK3 Defense
1 - 0% - 50%
2 - 0% - 50%
44 Forward
1 - 0% - 50%
2 - 0% - 50%
44 Defense
1 - 0% - 50%
2 - 0% - 50%
Last Minute Offensive  - 0:00
Last Minute Defensive  - 0:00
Total
Forward - 60:00
Defense - 60:00

Play by Play

1st period


0:01 of 1st period - Elias Lindholm wins face-off versus Sidney Crosby in neutral zone.
0:19 of 1st period - Wrist shot by David Jones.
0:19 of 1st period - Stopped by Josh Harding without a rebound.
0:20 of 1st period - Elias Lindholm wins face-off versus Gustav Nyquist in Sabres zone.
0:44 of 1st period - Wrist shot by Sidney Crosby.
0:44 of 1st period - Shot Blocked by T.J. Brennan.
0:46 of 1st period - Slapshot by Sidney Crosby.
0:46 of 1st period - Shot Misses the Net.
0:48 of 1st period - Slapshot by Alex Pietrangelo.
0:48 of 1st period - Stopped by Malcolm Subban without a rebound.
0:49 of 1st period - Rich Peverley wins face-off versus Henrik Zetterberg in Coyotes zone.
1:32 of 1st period - Minor Penalty to Nick Petrecki for Tripping.
1:33 of 1st period - Martin Erat wins face-off versus Henrik Zetterberg in Coyotes zone.
1:53 of 1st period - Eric Nystrom is hit by Blake Wheeler and loses puck.
2:31 of 1st period - Backhand shot by Jaden Schwartz.
2:31 of 1st period - Shot Blocked by Jay Bouwmeester.
2:34 of 1st period - Icing by Alex Pietrangelo.
2:35 of 1st period - Sidney Crosby wins face-off versus Markus Granlund in Sabres zone.
2:40 of 1st period - T.J. Brennan is hit by Sidney Crosby and loses puck.
2:49 of 1st period - Wrist shot by Sidney Crosby.
2:49 of 1st period - Shot Blocked by T.J. Brennan.
3:32 of 1st period - Penalty to Nick Petrecki is over, Nick Petrecki is back on ice.
3:57 of 1st period - Snap shot by Steve Downie.
3:57 of 1st period - Goal by Steve Downie - Coyotes : 0 - Sabres : 1.
3:58 of 1st period - Markus Granlund wins face-off versus Marc-Andre Cliche in neutral zone.
4:17 of 1st period - Wrist shot by Dale Weise.
4:17 of 1st period - Shot Blocked by Marc-Andre Cliche.
4:33 of 1st period - Slapshot by Markus Granlund.
4:33 of 1st period - Deflect By Dale Weise.
4:33 of 1st period - Shot Blocked by Stephane Robidas.
4:33 of 1st period - Puck is out of play.
4:34 of 1st period - Sidney Crosby wins face-off versus Elias Lindholm in Sabres zone.
4:39 of 1st period - Snap shot by Sidney Crosby.
4:39 of 1st period - Shot Blocked by Matt Gilroy.
4:45 of 1st period - Snap shot by Jaden Schwartz.
4:45 of 1st period - Shot Misses the Net.
4:57 of 1st period - Snap shot by Elias Lindholm.
4:57 of 1st period - Shot Misses the Net.
4:59 of 1st period - Wrist shot by David Jones.
4:59 of 1st period - Stopped by Josh Harding without a rebound.
5:00 of 1st period - Steven Stamkos wins face-off versus Terry Broadhurst in Sabres zone.
5:00 of 1st period - Steven Stamkos is hit by Terry Broadhurst.
5:12 of 1st period - Snap shot by Steven Stamkos.
5:12 of 1st period - Shot Misses the Net.
5:30 of 1st period - Wrist shot by Martin Erat.
5:30 of 1st period - Stopped by Josh Harding with a rebound.
6:33 of 1st period - Snap shot by Jaden Schwartz.
6:33 of 1st period - Shot Blocked by Jay Bouwmeester.
6:46 of 1st period - Wrist shot by Jay Bouwmeester.
6:46 of 1st period - Stopped by Malcolm Subban with a rebound.
6:58 of 1st period - Wrist shot by Sidney Crosby.
6:58 of 1st period - Shot Misses the Net.
7:00 of 1st period - Snap shot by Stephane Robidas.
7:00 of 1st period - Shot Misses the Net.
7:17 of 1st period - Snap shot by PA Parenteau.
7:17 of 1st period - Stopped by Malcolm Subban with a rebound.
7:19 of 1st period - Slapshot by Stephane Robidas.
7:19 of 1st period - Goal by Stephane Robidas - Coyotes : 0 - Sabres : 2.
7:20 of 1st period - Matt Stajan wins face-off versus Rich Peverley in neutral zone.
7:46 of 1st period - Wrist shot by PA Parenteau.
7:46 of 1st period - Shot Misses the Net.
7:58 of 1st period - Wrist shot by Steve Downie.
7:58 of 1st period - Deflect By PA Parenteau.
7:58 of 1st period - Deflect By Rich Peverley.
7:58 of 1st period - Shot Blocked by Nick Petrecki.
7:58 of 1st period - Puck is out of play.
7:59 of 1st period - Sidney Crosby wins face-off versus Terry Broadhurst in Coyotes zone.
8:08 of 1st period - Wrist shot by Gustav Nyquist.
8:08 of 1st period - Stopped by Malcolm Subban with a rebound.
8:10 of 1st period - Slapshot by Jay Bouwmeester.
8:10 of 1st period - Shot Blocked by T.J. Brennan.
8:20 of 1st period - Snap shot by Gustav Nyquist.
8:20 of 1st period - Shot Misses the Net.
8:22 of 1st period - Wrist shot by Jay Bouwmeester.
8:22 of 1st period - Stopped by Malcolm Subban without a rebound.
8:23 of 1st period - Steven Stamkos wins face-off versus Markus Granlund in Coyotes zone.
8:26 of 1st period - Slapshot by Henrik Zetterberg.
8:26 of 1st period - Shot Misses the Net.
8:42 of 1st period - Wrist shot by Henrik Zetterberg.
8:42 of 1st period - Shot Misses the Net.
8:54 of 1st period - Wrist shot by Markus Granlund.
8:54 of 1st period - Stopped by Josh Harding with a rebound.
9:34 of 1st period - Snap shot by Sidney Crosby.
9:34 of 1st period - Shot Blocked by T.J. Brennan.
9:36 of 1st period - Backhand shot by Sidney Crosby.
9:36 of 1st period - Stopped by Malcolm Subban with a rebound.
9:59 of 1st period - Snap shot by Michal Jordan.
9:59 of 1st period - Shot Misses the Net.
10:01 of 1st period - Slapshot by Evan Oberg.
10:01 of 1st period - Shot Blocked by Alec Martinez.
10:03 of 1st period - Wrist shot by Terry Broadhurst.
10:03 of 1st period - Shot Misses the Net.
10:07 of 1st period - Snap shot by Terry Broadhurst.
10:07 of 1st period - Stopped by Josh Harding with a rebound.
10:09 of 1st period - Slapshot by Martin Erat.
10:09 of 1st period - Shot Blocked by Stephane Robidas.
10:19 of 1st period - Snap shot by Martin Erat.
10:19 of 1st period - Stopped by Josh Harding with a rebound.
10:51 of 1st period - Snap shot by Jaden Schwartz.
10:51 of 1st period - Stopped by Josh Harding with a rebound.
10:53 of 1st period - Slapshot by Matt Gilroy.
10:53 of 1st period - Shot Blocked by Steve Downie.
10:55 of 1st period - Snap shot by Matt Gilroy.
10:55 of 1st period - Deflect By David Jones.
10:55 of 1st period - Stopped by Josh Harding with a rebound.
10:59 of 1st period - Snap shot by David Jones.
10:59 of 1st period - Shot Blocked by Alec Martinez.
11:27 of 1st period - Jay Bouwmeester is hit by Markus Granlund and loses puck.
12:15 of 1st period - Snap shot by Henrik Zetterberg.
12:15 of 1st period - Shot Misses the Net.
12:17 of 1st period - Snap shot by Alex Pietrangelo.
12:17 of 1st period - Goal by Alex Pietrangelo - Coyotes : 0 - Sabres : 3.
12:18 of 1st period - Rich Peverley wins face-off versus Gustav Nyquist in neutral zone.
12:21 of 1st period - Slapshot by Pierre-Marc Bouchard.
12:21 of 1st period - Stopped by Josh Harding without a rebound.
12:21 of 1st period - Josh Harding from Sabres is injured at 12:21 of 1st period (Broken Nose).
12:21 of 1st period - Ondrej Pavelec enters game.
12:22 of 1st period - Sidney Crosby wins face-off versus Rich Peverley in Sabres zone.
12:31 of 1st period - Snap shot by Gustav Nyquist.
12:31 of 1st period - Shot Misses the Net.
13:15 of 1st period - Snap shot by Martin Erat.
13:15 of 1st period - Stopped by Ondrej Pavelec with a rebound.
13:17 of 1st period - Wrist shot by Drayson Bowman.
13:17 of 1st period - Deflect By Martin Erat.
13:17 of 1st period - Stopped by Ondrej Pavelec without a rebound.
13:18 of 1st period - Steven Stamkos wins face-off versus Terry Broadhurst in Sabres zone.
13:45 of 1st period - Wrist shot by Steven Stamkos.
13:45 of 1st period - Stopped by Malcolm Subban without a rebound.
13:46 of 1st period - Elias Lindholm wins face-off versus Dwight King in Coyotes zone.
14:19 of 1st period - Off-side.
14:20 of 1st period - Rich Peverley wins face-off versus Sidney Crosby in neutral zone.
14:29 of 1st period - Wrist shot by Pierre-Marc Bouchard.
14:29 of 1st period - Stopped by Ondrej Pavelec with a rebound.
14:31 of 1st period - Snap shot by Eric Nystrom.
14:31 of 1st period - Shot Blocked by Jay Bouwmeester.
15:10 of 1st period - Minor Penalty to David Perron for High sticking.
15:11 of 1st period - Matt Stajan wins face-off versus Elias Lindholm in Sabres zone.
15:57 of 1st period - Wrist shot by Matt Stajan.
15:57 of 1st period - Stopped by Malcolm Subban with a rebound.
17:05 of 1st period - Marc-Andre Cliche is hit by Evan Oberg and loses puck.
17:10 of 1st period - Penalty to David Perron is over, David Perron is back on ice.
17:26 of 1st period - Snap shot by Martin Erat.
17:26 of 1st period - Stopped by Ondrej Pavelec with a rebound.
17:34 of 1st period - Snap shot by Drayson Bowman.
17:34 of 1st period - Shot Misses the Net.
18:37 of 1st period - Slapshot by PA Parenteau.
18:37 of 1st period - Shot Misses the Net.
18:54 of 1st period - Slapshot by Stephane Robidas.
18:54 of 1st period - Deflect By Jaden Schwartz.
18:54 of 1st period - Stopped by Malcolm Subban with a rebound.
18:56 of 1st period - Snap shot by Stephane Robidas.
18:56 of 1st period - Stopped by Malcolm Subban with a rebound.
18:58 of 1st period - Slapshot by Alec Martinez.
18:58 of 1st period - Stopped by Malcolm Subban without a rebound.
18:59 of 1st period - Steven Stamkos wins face-off versus Elias Lindholm in Coyotes zone.
Goals for this period are 0 for Coyotes vs 3 for Sabres.
Shots for this period are 13 for Coyotes vs 14 for Sabres.

2nd period


0:01 of 2nd period - Steven Stamkos wins face-off versus Elias Lindholm in neutral zone.
0:10 of 2nd period - Snap shot by Henrik Zetterberg.
0:10 of 2nd period - Goal by Henrik Zetterberg - Coyotes : 0 - Sabres : 4.
0:10 of 2nd period - Mike McKenna enters game.
0:11 of 2nd period - Steven Stamkos wins face-off versus Rich Peverley in neutral zone.
0:28 of 2nd period - Snap shot by Steven Stamkos.
0:28 of 2nd period - Shot Misses the Net.
0:30 of 2nd period - Slapshot by Brooks Orpik.
0:30 of 2nd period - Deflect By Pierre-Marc Bouchard.
0:30 of 2nd period - Goal by Brooks Orpik - Coyotes : 0 - Sabres : 5.
0:31 of 2nd period - Sidney Crosby wins face-off versus Elias Lindholm in neutral zone.
0:45 of 2nd period - Double Minor Penalty to David Jones for Roughing.
0:46 of 2nd period - Martin Erat wins face-off versus Sidney Crosby in Coyotes zone.
1:08 of 2nd period - Snap shot by Steven Stamkos.
1:08 of 2nd period - Shot Misses the Net.
1:22 of 2nd period - Snap shot by Steven Stamkos.
1:22 of 2nd period - Shot Blocked by Eric Nystrom.
2:30 of 2nd period - Michael Kostka is hit by Brooks Orpik and loses puck.
2:59 of 2nd period - Jay Bouwmeester is hit by Markus Granlund.
3:47 of 2nd period - Pierre-Marc Bouchard is hit by David Perron and loses puck.
3:54 of 2nd period - Slapshot by Steven Stamkos.
3:54 of 2nd period - Stopped by Mike McKenna with a rebound.
3:56 of 2nd period - Slapshot by Alex Pietrangelo.
3:56 of 2nd period - Stopped by Mike McKenna with a rebound.
4:45 of 2nd period - Penalty to David Jones is over, David Jones is back on ice.
4:50 of 2nd period - Brooks Orpik is hit by David Jones and loses puck.
5:12 of 2nd period - Off-side.
5:13 of 2nd period - Marc-Andre Cliche wins face-off versus Markus Granlund in neutral zone.
5:24 of 2nd period - Wrist shot by Markus Granlund.
5:24 of 2nd period - Stopped by Ondrej Pavelec without a rebound.
5:25 of 2nd period - Markus Granlund wins face-off versus Marc-Andre Cliche in Sabres zone.
5:26 of 2nd period - Snap shot by Dale Weise.
5:26 of 2nd period - Stopped by Ondrej Pavelec with a rebound.
6:20 of 2nd period - Backhand shot by Elias Lindholm.
6:20 of 2nd period - Deflect By Jaden Schwartz.
6:20 of 2nd period - Stopped by Ondrej Pavelec with a rebound.
6:32 of 2nd period - Wrist shot by David Jones.
6:32 of 2nd period - Shot Blocked by Matt Stajan.
6:34 of 2nd period - Slapshot by Jaden Schwartz.
6:34 of 2nd period - Deflect By David Jones.
6:34 of 2nd period - Shot Blocked by Brooks Orpik.
6:34 of 2nd period - Puck is out of play.
6:35 of 2nd period - Rich Peverley wins face-off versus Sidney Crosby in Sabres zone.
6:38 of 2nd period - Snap shot by Pierre-Marc Bouchard.
6:38 of 2nd period - Shot Misses the Net.
7:01 of 2nd period - Snap shot by Matt Gilroy.
7:01 of 2nd period - Stopped by Ondrej Pavelec with a rebound.
7:33 of 2nd period - Snap shot by Martin Erat.
7:33 of 2nd period - Deflect By Drayson Bowman.
7:33 of 2nd period - Stopped by Ondrej Pavelec without a rebound.
7:34 of 2nd period - Matt Stajan wins face-off versus Elias Lindholm in Sabres zone.
8:37 of 2nd period - Wrist shot by Rich Peverley.
8:37 of 2nd period - Shot Blocked by Alec Martinez.
8:39 of 2nd period - Snap shot by Rich Peverley.
8:39 of 2nd period - Shot Misses the Net.
9:46 of 2nd period - Wrist shot by Sidney Crosby.
9:46 of 2nd period - Shot Hit the Post.
9:48 of 2nd period - Snap shot by Brooks Orpik.
9:48 of 2nd period - Stopped by Mike McKenna with a rebound.
9:50 of 2nd period - Wrist shot by Brooks Orpik.
9:50 of 2nd period - Stopped by Mike McKenna with a rebound.
9:52 of 2nd period - Snap shot by Blake Wheeler.
9:52 of 2nd period - Goal by Blake Wheeler - Coyotes : 0 - Sabres : 6.
9:53 of 2nd period - Steven Stamkos wins face-off versus Elias Lindholm in neutral zone.
10:22 of 2nd period - Snap shot by Steven Stamkos.
10:22 of 2nd period - Goal by Steven Stamkos - Coyotes : 0 - Sabres : 7.
10:23 of 2nd period - Sidney Crosby wins face-off versus Rich Peverley in neutral zone.
10:44 of 2nd period - Wrist shot by Rich Peverley.
10:44 of 2nd period - Shot Blocked by Brooks Orpik.
10:59 of 2nd period - Backhand shot by Alex Pietrangelo.
10:59 of 2nd period - Deflect By Sidney Crosby.
10:59 of 2nd period - Shot Misses the Net.
10:59 of 2nd period - Puck is out of play.
11:00 of 2nd period - Elias Lindholm wins face-off versus Steven Stamkos in Coyotes zone.
11:05 of 2nd period - Snap shot by Henrik Zetterberg.
11:05 of 2nd period - Goal by Henrik Zetterberg - Coyotes : 0 - Sabres : 8.
11:05 of 2nd period - Malcolm Subban enters game.
11:06 of 2nd period - Steven Stamkos wins face-off versus Elias Lindholm in neutral zone.
12:02 of 2nd period - Blake Wheeler is hit by Eric Nystrom and loses puck.
12:09 of 2nd period - Snap shot by Rich Peverley.
12:09 of 2nd period - Deflect By Pierre-Marc Bouchard.
12:09 of 2nd period - Stopped by Ondrej Pavelec with a rebound.
12:19 of 2nd period - Michal Jordan is hit by Brooks Orpik and loses puck.
12:24 of 2nd period - Snap shot by Sidney Crosby.
12:24 of 2nd period - Shot Misses the Net.
13:43 of 2nd period - Slapshot by Jay Bouwmeester.
13:43 of 2nd period - Stopped by Malcolm Subban with a rebound.
13:45 of 2nd period - Snap shot by Chris Higgins.
13:45 of 2nd period - Stopped by Malcolm Subban with a rebound.
13:47 of 2nd period - Slapshot by Eric Brewer.
13:47 of 2nd period - Stopped by Malcolm Subban with a rebound.
13:57 of 2nd period - Slapshot by Alec Martinez.
13:57 of 2nd period - Shot Blocked by Michael Kostka.
14:39 of 2nd period - Stephane Robidas is hit by David Jones and loses puck.
14:44 of 2nd period - Wrist shot by Elias Lindholm.
14:44 of 2nd period - Stopped by Ondrej Pavelec without a rebound.
14:45 of 2nd period - Terry Broadhurst wins face-off versus Sidney Crosby in Sabres zone.
14:48 of 2nd period - Wrist shot by Martin Erat.
14:48 of 2nd period - Shot Blocked by Brooks Orpik.
14:59 of 2nd period - Minor Penalty to T.J. Brennan for Holding.
15:00 of 2nd period - Sidney Crosby wins face-off versus Martin Erat in Coyotes zone.
15:55 of 2nd period - Slapshot by Henrik Zetterberg.
15:55 of 2nd period - Stopped by Malcolm Subban with a rebound.
15:57 of 2nd period - Slapshot by Alec Martinez.
15:57 of 2nd period - Stopped by Malcolm Subban with a rebound.
15:59 of 2nd period - Slapshot by Alec Martinez.
15:59 of 2nd period - Goal by Alec Martinez - Coyotes : 0 - Sabres : 9.
16:00 of 2nd period - Sidney Crosby wins face-off versus Elias Lindholm in neutral zone.
16:07 of 2nd period - Wrist shot by Blake Wheeler.
16:07 of 2nd period - Shot Misses the Net.
16:09 of 2nd period - Slapshot by Jay Bouwmeester.
16:09 of 2nd period - Stopped by Malcolm Subban with a rebound.
16:11 of 2nd period - Wrist shot by Eric Brewer.
16:11 of 2nd period - Stopped by Malcolm Subban with a rebound.
16:32 of 2nd period - Wrist shot by Gustav Nyquist.
16:32 of 2nd period - Stopped by Malcolm Subban with a rebound.
16:34 of 2nd period - Slapshot by Eric Brewer.
16:34 of 2nd period - Deflect By Blake Wheeler.
16:34 of 2nd period - Stopped by Malcolm Subban with a rebound.
16:51 of 2nd period - David Jones is hit by Eric Brewer and loses puck.
17:04 of 2nd period - Double Minor Penalty to Steven Stamkos for High sticking.
17:05 of 2nd period - Matt Stajan wins face-off versus Eric Nystrom in Sabres zone.
17:16 of 2nd period - Slapshot by Matt Gilroy.
17:16 of 2nd period - Deflect By Markus Granlund.
17:16 of 2nd period - Goal by Markus Granlund - Coyotes : 1 - Sabres : 9.
17:17 of 2nd period - Matt Stajan wins face-off versus Eric Nystrom in neutral zone.
17:20 of 2nd period - Slapshot by Alex Pietrangelo.
17:20 of 2nd period - Stopped by Malcolm Subban with a rebound.
17:36 of 2nd period - Snap shot by Martin Erat.
17:36 of 2nd period - Stopped by Ondrej Pavelec with a rebound.
17:54 of 2nd period - Wrist shot by Martin Erat.
17:54 of 2nd period - Shot Blocked by Alex Pietrangelo.
18:12 of 2nd period - Alex Pietrangelo is hit by Jaden Schwartz and loses puck.
18:23 of 2nd period - Snap shot by Elias Lindholm.
18:23 of 2nd period - Shot Hit the Post.
18:29 of 2nd period - Snap shot by Jaden Schwartz.
18:29 of 2nd period - Shot Misses the Net.
18:31 of 2nd period - Slapshot by T.J. Brennan.
18:31 of 2nd period - Deflect By David Jones.
18:31 of 2nd period - Stopped by Ondrej Pavelec with a rebound.
18:49 of 2nd period - Marc-Andre Cliche is hit by Eric Nystrom and loses puck.
19:16 of 2nd period - Penalty to Steven Stamkos is over, Steven Stamkos is back on ice.
19:23 of 2nd period - Brooks Orpik is hit by David Jones and loses puck.
19:43 of 2nd period - Wrist shot by Pierre-Marc Bouchard.
19:43 of 2nd period - Deflect By Rich Peverley.
19:43 of 2nd period - Shot Misses the Net.
19:43 of 2nd period - Puck is out of play.
19:44 of 2nd period - Rich Peverley wins face-off versus Steven Stamkos in Sabres zone.
Goals for this period are 1 for Coyotes vs 6 for Sabres.
Shots for this period are 10 for Coyotes vs 20 for Sabres.

3rd period


0:01 of 3rd period - Steven Stamkos wins face-off versus Elias Lindholm in neutral zone.
0:21 of 3rd period - Snap shot by Steven Stamkos.
0:21 of 3rd period - Shot Misses the Net.
0:23 of 3rd period - Snap shot by Steven Stamkos.
0:23 of 3rd period - Goal by Steven Stamkos - Coyotes : 1 - Sabres : 10.
0:24 of 3rd period - Rich Peverley wins face-off versus Sidney Crosby in neutral zone.
0:34 of 3rd period - Slapshot by T.J. Brennan.
0:34 of 3rd period - Deflect By Pierre-Marc Bouchard.
0:34 of 3rd period - Stopped by Ondrej Pavelec with a rebound.
0:36 of 3rd period - Slapshot by T.J. Brennan.
0:36 of 3rd period - Stopped by Ondrej Pavelec without a rebound.
0:37 of 3rd period - Sidney Crosby wins face-off versus Rich Peverley in Sabres zone.
1:34 of 3rd period - Michael Kostka is hit by Eric Brewer.
2:15 of 3rd period - Wrist shot by Martin Erat.
2:15 of 3rd period - Stopped by Ondrej Pavelec with a rebound.
2:19 of 3rd period - Wrist shot by Martin Erat.
2:19 of 3rd period - Shot Misses the Net.
2:21 of 3rd period - Wrist shot by Drayson Bowman.
2:21 of 3rd period - Stopped by Ondrej Pavelec without a rebound.
2:22 of 3rd period - Terry Broadhurst wins face-off versus Marc-Andre Cliche in Sabres zone.
3:02 of 3rd period - Wrist shot by Rich Peverley.
3:02 of 3rd period - Stopped by Ondrej Pavelec with a rebound.
3:04 of 3rd period - Snap shot by Eric Nystrom.
3:04 of 3rd period - Shot Misses the Net.
3:24 of 3rd period - Snap shot by Sidney Crosby.
3:24 of 3rd period - Stopped by Malcolm Subban with a rebound.
4:46 of 3rd period - Wrist shot by Jaden Schwartz.
4:46 of 3rd period - Stopped by Ondrej Pavelec with a rebound.
4:52 of 3rd period - Wrist shot by Elias Lindholm.
4:52 of 3rd period - Deflect By Jaden Schwartz.
4:52 of 3rd period - Stopped by Ondrej Pavelec with a rebound.
4:54 of 3rd period - Slapshot by Michael Kostka.
4:54 of 3rd period - Stopped by Ondrej Pavelec without a rebound.
4:55 of 3rd period - Sidney Crosby wins face-off versus Elias Lindholm in Sabres zone.
5:44 of 3rd period - Alec Martinez is hit by Martin Erat and loses puck.
6:49 of 3rd period - Brooks Orpik is hit by Eric Nystrom and loses puck.
7:17 of 3rd period - Brooks Orpik is hit by Dale Weise.
7:45 of 3rd period - Minor Penalty to Marc-Andre Cliche for Holding.
7:46 of 3rd period - Henrik Zetterberg wins face-off versus Elias Lindholm in Sabres zone.
8:12 of 3rd period - Off-side.
8:13 of 3rd period - Matt Stajan wins face-off versus Eric Nystrom in neutral zone.
8:37 of 3rd period - Wrist shot by Markus Granlund.
8:37 of 3rd period - Goal by Markus Granlund - Coyotes : 2 - Sabres : 10.
8:38 of 3rd period - Sidney Crosby wins face-off versus Elias Lindholm in neutral zone.
9:13 of 3rd period - Wrist shot by Elias Lindholm.
9:13 of 3rd period - Shot Misses the Net.
9:15 of 3rd period - Snap shot by Michael Kostka.
9:15 of 3rd period - Stopped by Ondrej Pavelec without a rebound.
9:16 of 3rd period - Steven Stamkos wins face-off versus Rich Peverley in Sabres zone.
9:18 of 3rd period - Minor Penalty to David Perron for Tripping.
9:19 of 3rd period - Matt Stajan wins face-off versus Eric Nystrom in Sabres zone.
10:10 of 3rd period - Snap shot by Chris Higgins.
10:10 of 3rd period - Stopped by Malcolm Subban with a rebound.
10:12 of 3rd period - Slapshot by Alex Pietrangelo.
10:12 of 3rd period - Shot Blocked by Michael Kostka.
10:22 of 3rd period - Brooks Orpik is hit by Michael Kostka and loses puck.
10:33 of 3rd period - Slapshot by Alex Pietrangelo.
10:33 of 3rd period - Stopped by Malcolm Subban with a rebound.
10:53 of 3rd period - Wrist shot by Alex Pietrangelo.
10:53 of 3rd period - Goal by Alex Pietrangelo - Coyotes : 2 - Sabres : 11.
10:54 of 3rd period - Chris Higgins wins face-off versus Eric Nystrom in neutral zone.
11:04 of 3rd period - Eric Brewer is hit by Markus Granlund and loses puck.
11:11 of 3rd period - Slapshot by Martin Erat.
11:11 of 3rd period - Shot Blocked by Eric Brewer.
11:18 of 3rd period - Penalty to David Perron is over, David Perron is back on ice.
12:26 of 3rd period - Alex Pietrangelo is hit by Nick Petrecki.
14:16 of 3rd period - Markus Granlund is hit by Blake Wheeler and loses puck.
15:42 of 3rd period - Stephane Robidas is hit by David Jones and loses puck.
16:44 of 3rd period - Snap shot by Chris Higgins.
16:44 of 3rd period - Shot Misses the Net.
17:16 of 3rd period - Wrist shot by Gustav Nyquist.
17:16 of 3rd period - Stopped by Malcolm Subban with a rebound.
17:30 of 3rd period - Steven Stamkos is hit by Eric Nystrom and loses puck.
17:41 of 3rd period - Rich Peverley is hit by Stephane Robidas and loses puck.
19:23 of 3rd period - Henrik Zetterberg is hit by T.J. Brennan and loses puck.
19:33 of 3rd period - Alec Martinez is hit by T.J. Brennan and loses puck.
Goals for this period are 1 for Coyotes vs 2 for Sabres.
Shots for this period are 10 for Coyotes vs 6 for Sabres.


Output by the SimonT Hockey Simulator (STHS) for Eric Dolegowski -- Original Page W3C XHTML 1.0 Valid
Hockey Simulator - Hockey Simulation - Hockey Manager